 Dungeon Crawl Stone Soup version 0.28-a0-769-g550dbda0cd (webtiles) character file.

Game seed: 11097086795943666251

3004 frimble the Ruffian (level 9, -3/89 HPs)
             Began as a Troll Warper on Nov 1, 2021.
             Slain by a killer bee (6 damage)
             ... on level 9 of the Dungeon.
             The game lasted 00:07:00 (5470 turns).

frimble the Ruffian (Troll Warper)                  Turns: 5470, Time: 00:07:01

Health: -3/89      AC:  0    Str: 21    XL:     9   Next: 54%
Magic:  9/9        EV: 14    Int: 12    God:
Gold:   388        SH:  0    Dex:  9    Spells: 5/10 levels left

rFire   . . .      SeeInvis .     - Unarmed
rCold   . . .      Faith    .   (shield currently unavailable)
rNeg    . . .      Spirit   .   (armour currently unavailable)
rPois   .          Reflect  .   (helmet currently unavailable)
rElec   .          Harm     .   (cloak currently unavailable)
rCorr   .          Rampage  .   (gloves unavailable)
Will    .....                   (boots unavailable)
Stlth   +.........              (no amulet)
HPRegen 1.24/turn               (ring currently unavailable)
MPRegen 0.11/turn               (ring currently unavailable)

@: pig-form (expiring), studying Polearms, very quick
A: fast, no casting, small, unfitting armour, (claws 3), regeneration 1, (shaggy
fur 1), (tough skin 1)
a: no special abilities


You were on level 9 of the Dungeon.
You were a filthy swine.
You visited 2 branches of the dungeon, and saw 10 of its levels.

You collected 388 gold pieces.

Inventory:

Missiles
 c - 5 boomerangs of dispersal (quivered)
Armour
 r - +0 steam dragon scales (melded)
Jewellery
 o - a +6 ring of dexterity (melded)
Wands
 h - a wand of polymorph (4)
Scrolls
 d - 4 scrolls of magic mapping
Potions
 a - a potion of degeneration {unknown}
 e - 2 potions of resistance {unknown}
 f - 3 potions of magic {unknown}
 g - 3 potions of brilliance
 i - 2 potions of haste {unknown}
 j - a potion of lignification {unknown}
 k - 2 potions of mutation {unknown}
 l - 2 potions of heal wounds {unknown}
 m - a potion of attraction {unknown}
 n - a potion of cancellation {unknown}
 s - a potion of berserk rage {unknown}


   Skills:
 + Level 5.8 Fighting
 + Level 6.1 Throwing
 - Level 1.9 Dodging
 + Level 6.9 Unarmed Combat
 - Level 1.2 Spellcasting
 + Level 5.5 Translocations


You had 5 spell levels left.
You knew the following spells:

 Your Spells              Type           Power      Damage    Failure   Level
a - Blink                 Tloc           28%        N/A       4%          2
b - Gell's Gravitas       Tloc           7%         N/A       9%          3

Your spell library contained the following spells:

 Spells                   Type           Power      Damage    Failure   Level
 Lesser Beckoning         Tloc           14%        N/A       9%          3
 Teleport Other           Tloc           14%        N/A       9%          3
 Manifold Assault         Tloc           14%        N/A       63%         5
 Inner Flame              Hex/Fire       0%         N/A       65%         3
 Stone Arrow              Conj/Erth      0%         3d7       65%         3
 Animate Armour           Summ/Erth      0%         N/A       96%         4
 Cause Fear               Hex            0%         N/A       96%         4
 Iskenderun's Battlesphe  Conj           0%         2d6       100%        5
 Dispersal                Tloc           7%         N/A       99%         6
 Iron Shot                Conj/Erth      0%         9d1       100%        6
 Spellforged Servitor     Conj/Summ      0%         N/A       100%        7
 Discord                  Hex            0%         N/A       100%        8
 Lehudib's Crystal Spear  Conj/Erth      0%         10d2      100%        8


Dungeon Overview and Level Annotations

Branches:
Dungeon (9/15)             Temple (1/1) D:5
   Lair: D:8-11         Orc: D:9-12

Altars:
Ashenzari
Elyvilon
Fedhas
Hepliaklqana
Kikubaaqudgha
Okawaru
Qazlal
Ru
Sif Muna
Trog
Wu Jian
Xom
Zin

Annotations:
D:7 1 exclusion, Joseph


Innate Abilities, Weirdness & Mutations

You are a filthy swine.
You move quickly.
Your equipment is almost entirely melded.
You are incapable of wielding weapons or throwing items.
You cannot cast spells.
You are too large for most types of armour.
((You have claws for hands.))
Your natural rate of healing is unusually fast.
((You are covered in fur. (AC +1)))
((You have tough skin. (AC +1)))


Message History

As you read the scroll of blinking, it crumbles to dust.
You feel very sick.
You feel sick.
You climb downwards.
You feel sick.
The wyvern hisses angrily.
The yak bellows!
You hear a bellow! x2
Found a scroll of enchant armour and 18 gold pieces.
There is a stone staircase leading up here.
A yak comes into view.
You feel sick.
The yak bellows!
A yak comes into view. x2
As you read the scroll of teleportation, it crumbles to dust.
You feel strangely unstable.
You feel sick.
You are no longer poisoned.
A yak comes into view.
A yak comes into view.
The wyvern hisses menacingly.
Your surroundings suddenly seem different. 4 killer bees, a two-headed ogre and a wight come into view.
Found 5 gold pieces.
The two-headed ogre shouts in stereo!
The killer bee buzzes angrily. x3
A killer bee comes into view.
The killer bee moves out of view.
Okay, then.
Unknown command.
Okay, then.
Unknown command.
The killer bee buzzes angrily.
Your transformation is almost over.
The killer bee stings you!
* * * LOW HITPOINT WARNING * * *
The killer bee stings you!
* * * LOW HITPOINT WARNING * * *
As you read the scroll labelled GOD LAATEAP, it crumbles to dust.
It is a scroll of amnesia.
Really abort (and waste the scroll)?
Okay, then.
You feel yourself speed up. The killer bee stings you.
You die...

y. . #.##.
##...## ##.y...##
## #.......# ..#
#...y...###...
#.............
...#....y#.##.#
#.$..O..yh...#
..#..z....##....#
# #.......# ####
.........#
#.........#
..##.....##
##....# ....#


You could see a two-headed ogre, 3 killer bees and a wight.

Vanquished Creatures
  A yak (D:6)
  3 wyverns
  Menkaure (D:4)
  A water moccasin (D:6)
  2 black bears
  2 sky beasts
  A necrophage (D:4)
  An ice beast (D:6)
  6 ogres
  A wyvern zombie (D:6)
  A wyvern skeleton (D:5)
  A water moccasin zombie (D:3)
  4 wights (D:7)
  2 howler monkeys (D:8)
  3 hounds
  A jelly (D:6)
  A bullfrog skeleton (D:6)
  3 orc priests
  2 centaur skeletons
  4 iguanas
  6 orc wizards
  A river rat (D:7)
  7 adders
  2 shadow imps
  A white imp (D:6)
  An ufetubus (D:5)
  A worm (D:3)
  2 dart slugs
  23 orcs
  3 ball pythons
  7 bats
  5 endoplasms
  6 giant cockroaches
  5 goblins
  5 hobgoblins
  6 jackals
  4 kobolds
  A quokka (D:2)
  A frilled lizard (D:2)
  3 rats
131 creatures vanquished.

Vanquished Creatures (others)
  A fungus (D:2)
1 creature vanquished.

Grand Total: 132 creatures vanquished

Notes
Turn   | Place    | Note
-------+----------+-------------------------------------------
     0 | D:1      | frimble the Troll Warper began the quest for the Orb.
     0 | D:1      | Reached XP level 1. HP: 19/19 MP: 1/1
    64 | D:1      | Reached skill level 1 in Throwing
   236 | D:1      | Reached XP level 2. HP: 28/28 MP: 2/2
  1052 | D:2      | Reached XP level 3. HP: 35/35 MP: 3/3
  1122 | D:2      | Found a faded altar of an unknown god.
  1270 | D:2      | HP: 1/35 [hound (5)]
  1280 | D:2      | Reached XP level 4. HP: 6/42 MP: 4/4
  1323 | D:3      | Reached XP level 5. HP: 27/50 MP: 5/5
  2009 | D:4      | Noticed Menkaure
  2019 | D:4      | Killed Menkaure
  2020 | D:4      | Reached XP level 6. HP: 18/61 MP: 6/6
  2023 | D:4      | Learned a level 2 spell: Blink
  2027 | D:4      | Learned a level 3 spell: Gell's Gravitas
  2378 | D:4      | Reached XP level 7. HP: 64/67 MP: 7/7
  2621 | D:5      | Entered Level 5 of the Dungeon
  2623 | D:5      | Found a staircase to the Ecumenical Temple.
  2842 | Temple   | Entered the Ecumenical Temple
  3785 | D:5      | Reached skill level 5 in Unarmed Combat
  3785 | D:5      | Reached XP level 8. HP: 78/78 MP: 8/8
  4109 | D:6      | Reached skill level 5 in Throwing
  4143 | D:6      | Reached skill level 5 in Fighting
  4363 | D:6      | Reached XP level 9. HP: 86/88 MP: 9/9
  4371 | D:6      | Reached skill level 5 in Translocations
  4761 | D:7      | Noticed Joseph
  4947 | D:7      | Noticed Maggie
  4948 | D:7      | Noticed Maggie
  4948 | D:7      | Maggie changed into Maggie the river rat
  4956 | D:7      | Killed Maggie the river rat
  5400 | D:8      | Found a glowing silver altar of Zin.
  5454 | D:8      | Paralysed by a hornet for 3 turns
  5466 | D:9      | Noticed a two-headed ogre
  5469 | D:9      | HP: 1/89 [killer bee (7)]
  5470 | D:9      | Slain by a killer bee

Illustrated notes

Levels and vault maps discovered:
D:1:      lordsloth_arrival_two_stooges, layout_basic
D:2:      layout_basic, shapermc_ecumenical_altar_mp_urbaneastern,
          minmay_misc_feat_chi
D:3:      layout_loops_cross, minivault_11, corexii_corridor_pit,
          grunt_ministairs_10
D:4:      layout_cave_pools, serial_park, serial_park_square1
          [serial_park_minivault_5x5_6], serial_park_tiny_2,
          serial_park_square2, serial_park_gazebo [serial_park_minivault_5x5_7],
          serial_park_square2, uniq_menkaure
D:5:      layout_gridville, minmay_temple_entry_statues
D:6:      layout_basic, grunt_ministairs_13, minmay_manual_mail
D:7:      layout_loops_cross, minmay_crystal_room, uniq_joseph, uniq_maggie
D:8:      layout_basic, mainiacjoe_overflow_swirl,
          ebering_ghost_reflecting_pool, minmay_ruined_shrine
D:9:      layout_rooms, minmay_overflow_temple_star_hex, david_orc_1_choice,
          minmay_holes
Temple:   hc_temple_tempest_star

Skill      XL: |  1  2  3  4  5  6  7  8  9 |
---------------+----------------------------+-----
Throwing       | 1 2 3 4 5 6 |  6.1
Fighting       | 2 3 4 5 |  5.8
Unarmed Combat | 3 4 5 6 |  6.9
Translocations | 3 4 5 |  5.5
Dodging        | |  1.9
Spellcasting   | |  1.2

Action                   |  1- 3 |  4- 6 |  7- 9 || total
-------------------------+-------+-------+-------++-------
Melee: Unarmed           |    93 |   122 |   288 ||   503
       Punch             |     2 |     3 |     7 ||    12
 Cast: Blink             |       |       |     2 ||     2
Evoke: Wand              |       |       |     2 ||     2
  Use: Scroll            |     2 |     2 |     4 ||     8
       Potion            |     1 |       |       ||     1
 Stab: Sleeping          |       |       |     1 ||     1
Armor: Robe              |    50 |    42 |    73 ||   165
       Steam dragon scal |       |       |     4 ||     4
Dodge: Dodged            |    63 |    69 |   124 ||   256

Table legend: (Time is in decaauts)
 A = Elapsed time spent in this place.
 B = Non-inter-level travel time spent in this place.
 C = Inter-level travel time spent in this place.
 D = Time resting spent in this place.
 E = Time spent auto-exploring this place.
 F = Levels seen in this place.
 G = Mean time per level.
                   A        B        C        D        E       F      G
               +--------+--------+--------+--------+--------+-----+--------+
         Total |   5465 |   5222 |    243 |     33 |   3952 |  10 |  546.5 |
       Dungeon |   5286 |   5063 |    223 |     33 |   3804 |   9 |  587.3 |
        Temple |    178 |    159 |     19 |      0 |    148 |   1 |  178.0 |
               +--------+--------+--------+--------+--------+-----+--------+

Top non-repeatable levels by time:
     D:5: 1134 daAuts
     D:2: 689 daAuts
     D:7: 683 daAuts
     D:4: 673 daAuts
     D:3: 671 daAuts
     D:6: 659 daAuts
     D:1: 612 daAuts
  Temple: 178 daAuts
     D:8: 153 daAuts
     D:9: 9 daAuts
